 Dungeon Crawl Stone Soup version 0.28.0-45-g0d030f2227 (webtiles) character file.

Game seed: 6362462511483815336

30979 crimpus the Blocker (level 13, 0/80 HPs)
             Began as a Gargoyle Fighter on Apr 6, 2022.
             Was a High Priest of Okawaru.
             Killed by divine providence
             ... invoked by a smoke demon
             ... summoned by an orc high priest
              (16 damage)
             ... on level 2 of the Orcish Mines.
             The game lasted 00:35:49 (16458 turns).

crimpus the Blocker (Gargoyle Fighter)             Turns: 16458, Time: 00:35:50

Health: 0/80       AC: 37    Str: 35    XL:     13   Next: 55%
Magic:  10/17      EV: 14    Int: 10    God:    Okawaru [*****.]
Gold:   1234       SH: 16    Dex:  9    Spells: 12/12 levels left

rFire   . . .      SeeInvis +   n - +4 flail of the Goat {speed, +Blink Str+8 Int-2}
rCold   . . .      Faith    .   B - +2 kite shield {AC+3}
rNeg    + . .      Spirit   .   f - +3 swamp dragon scales
rPois   ∞          Reflect  .   G - +2 hat
rElec   +          Harm     .   d - +0 cloak
rCorr   .          Rampage  +   x - +0 pair of gloves
Will    .....                   (no boots)
Stlth   +++.......              E - amulet of Jisomoxeis {Rampage rPois Regen+ Str+3 Int+2}
HPRegen 1.03/turn               k - ring of see invisible
MPRegen 0.15/turn               y - +4 ring of protection

@: about to teleport, heroic, finesse-ful, studying 3 skills
A: sickness immunity, AC +9, negative energy resistance 1, electricity
resistance, torment resistance 1, petrification resistance
a: Renounce Religion, Evoke Blink, Heroism, Finesse, Duel


You were on level 2 of the Orcish Mines.
You worshipped Okawaru.
Okawaru was extremely pleased with you.
You visited 3 branches of the dungeon, and saw 15 of its levels.
You also visited: Ossuary and Bailey.

You collected 1234 gold pieces.

Inventory:

Hand Weapons
 n - the +4 flail of the Goat (weapon) {speed, +Blink Str+8 Int-2}
   (You found it on level 5 of the Dungeon)

   Attacks with this weapon are significantly faster.
   Str:       It affects your strength (+8).
   Int:       It affects your intelligence (-2).
   +Blink:    It lets you blink.
Missiles
 h - a throwing net (quivered)
 I - 297 bolts
Armour
 d - a +0 cloak (worn)
 f - +3 swamp dragon scales (worn)
 x - a +0 pair of gloves (worn)
 B - a +2 kite shield of protection (worn)
 G - a +2 hat (worn)
Jewellery
 b - a ring of willpower
 c - a ring of resist corrosion
 k - a ring of see invisible (left hand)
 l - a ring of flight
 y - a +4 ring of protection (right hand)
 E - the amulet of Jisomoxeis (around neck) {Rampage rPois Regen+ Str+3 Int+2}
   (You acquired it in a bailey)

   [amulet of regeneration]

   Str:       It affects your strength (+3).
   Int:       It affects your intelligence (+2).
   rPois:     It protects you from poison.
   Regen:     It increases your rate of health regeneration.
   Rampage:   It bestows one free step when moving towards enemies.
Wands
 p - a wand of mindburst (15)
 v - a wand of digging (4)
 z - a wand of flame (30)
Scrolls
 e - 2 scrolls of fog
 j - 6 scrolls of magic mapping
 m - 7 scrolls of teleportation
 o - a scroll of holy word
 q - 2 scrolls of identify
 r - 2 scrolls of noise
 w - 3 scrolls of enchant armour
Potions
 a - 3 potions of brilliance
 g - 2 potions of flight
 i - 3 potions of resistance
 s - 2 potions of attraction
 t - 4 potions of heal wounds
 u - 9 potions of ambrosia
 D - 2 potions of cancellation
 H - 2 potions of lignification


   Skills:
 + Level 9.3(14.3) Fighting
 + Level 13.7(18.7) Maces & Flails
 * Level 11.8(16.8) Armour
 * Level 7.4(12.4) Dodging
 * Level 4.8(9.8) Stealth
 * Level 13.8(18.8) Shields
 * Level 6.5 Invocations


You had 12 spell levels left.
You didn't know any spells.
Your spell library contained the following spells:

 Spells                   Type           Power      Damage    Failure   Level
 Freeze                   Ice            0%         1d3       56%         1
 Magic Dart               Conj           0%         1d3       56%         1
 Blink                    Tloc           0%         N/A       71%         2
 Frozen Ramparts          Ice            0%         1d2       90%         3
 Lesser Beckoning         Tloc           0%         N/A       90%         3
 Mephitic Cloud           Conj/Pois/Air  0%         N/A       90%         3
 Hailstorm                Conj/Ice       0%         3d3       100%        4
 Borgnjor's Vile Clutch   Necr/Erth      0%         N/A       100%        5
 Manifold Assault         Tloc           0%         N/A       100%        5
 Orb of Destruction       Conj           0%         9d5       100%        7
 Storm Form               Tmut/Air       0%         N/A       100%        7
 Call Imp                 Summ           Unusable   N/A       N/A         2
 Summon Guardian Golem    Hex/Summ       Unusable   N/A       N/A         3
 Animate Dead             Necr           Unusable   N/A       N/A         4
 Death Channel            Necr           Unusable   N/A       N/A         6
 Spellforged Servitor     Conj/Summ      Unusable   N/A       N/A         7

Dungeon Overview and Level Annotations

Branches:
Dungeon (12/15)            Temple (1/1) D:5            Lair (0/6) D:10
    Orc (2/2) D:12            Elf (0/3) Orc:2       Ossuary (visited)
 Bailey (visited)

Altars:
Ashenzari
Cheibriados
Dithmenos
Elyvilon
Fedhas
Gozag
Hepliaklqana
Kikubaaqudgha
Makhleb
Nemelex Xobeh
Okawaru
Qazlal
Ru
Sif Muna
Trog
Uskayaw
Vehumet
Wu Jian
Xom
Yredelemnul
Zin
The Shining One
Beogh

Annotations:
D:5 2 transporters, Modestlyawesome's ghost, novice MiMo
D:6 3 runed translucent doors, mortz's ghost, novice DrAE
D:12 2 transporters, Kazon's ghost, journeyman GrBe


Innate Abilities, Weirdness & Mutations

You are immune to sickness and miasma.
Your stone body is resilient. (AC +9)
You are immune to poison.
You resist negative energy. (rN+)
You are resistant to electric shocks. (rElec)
You are resistant to unholy torment.
You are immune to petrification.


Message History

You gain the combat prowess of a mighty hero.
You block the orc high priest's attack.
You hit the orc high priest.
The orc high priest is lightly wounded.
The orc high priest mumbles some strange prayers to Beogh against you.
Beogh smites you!
You are too injured to fight recklessly!
You are too injured to fight recklessly!
You are too injured to fight recklessly!
You are too injured to fight recklessly!
Unknown command.
You are too injured to fight recklessly!
Unknown command.
You are too injured to fight recklessly!
You can now deal lightning-fast blows.
You block the orc high priest's attack.
The orc high priest calls down the wrath of Beogh upon you.
Beogh smites you!
You hit the orc high priest but do no damage.
The orc high priest is lightly wounded.
The orc high priest no longer looks unusually strong.
You hit the orc high priest but do no damage.
The orc high priest is lightly wounded.
The orc priest calls down the wrath of Beogh upon you.
Beogh smites you!
* * * LOW HITPOINT WARNING * * *
You sock the orc high priest!
The orc high priest is moderately wounded.
The orc high priest utters an invocation to Beogh.
Unknown command.
As you read the scroll of teleportation, it crumbles to dust.
You feel strangely unstable.
The orc priest no longer looks unusually strong.
The orc high priest no longer looks unusually strong.
The orc priest begins to cast a cantrip, but forgets the words!
The orc high priest calls upon Beogh to heal the orc knight.
The orc knight's wounds heal themselves!
The smoke demon gestures at you. Beogh smites you!
You die...

####...#..#.....##......#
#.##...........###.......
##............####.......
#.#......#....##........ ...o
#.#......#...##)........ ....
###...3......#)......... .....
#.....)..))))#........ ÷.÷oo
##..ooo.....#..##...... #...o.
#...o#@.....)#((.(..... #....#
##.o.##.......(...#.....
#..÷..##)...#.....#..#....#....
#####..÷.o.o.##....#.....((......
#...##......##......#.#.#.#.#...)
.#...###...##......#.......####..
.......#####.......#....#..##....
....#..................##........
..............................#..


You could see an orc knight, an orc high priest, a smoke demon (summoned) and an
orc priest (strong).

Vanquished Creatures
  Jorgrun (Orc:2)
  Gastronok (D:8)
  An orc warlord (D:12)
  A boulder beetle (Orc:2)
  Erolcha (D:10)
  A centaur warrior (D:12)
  A tengu warrior (D:9)
  Erica (D:8)
  5 two-headed ogres
  An orc high priest (Orc:2)
  Urug (D:11)
  Sonja (Arena)
  5 orc knights
  A deep elf pyromancer (D:10)
  A deep elf zephyrmancer (D:10)
  2 manticores (D:12)
  2 orc sorcerers
  A guardian serpent (D:11)
  Maurice (D:10)
  A gargoyle (D:12)
  Maggie (D:6)
  An unseen horror (D:12)
  A tengu conjurer (D:9)
  A kobold demonologist (D:12)
  3 meliai (D:12)
  5 trolls
  A queen bee (D:12)
  A shadow (D:10)
  A vampire (D:10)
  2 wraiths
  10 yaks
  A human (D:12)
  Grum (D:10)
  3 vampire mosquitoes (D:12)
  A warg (Orc:2)
  Duvessa (D:5)
  2 water moccasins
  An ice beast (D:6)
  A swamp drake (D:10)
  A hornet zombie (D:8)
  32 orc warriors
  3 sky beasts
  2 ogres
  A necrophage (D:5)
  4 wolves (D:10)
  2 phantoms
  4 centaurs
  A kobold brigand (D:8)
  Blork the orc (D:5)
  3 scorpions
  A water moccasin zombie (D:6)
  Dowan (D:5)
  31 killer bees
  5 wights (D:9)
  4 centaur zombies
  A crimson imp (D:10)
  2 bullfrog zombies
  2 jellies
  2 hounds (D:5)
  A human zombie (Ossuary)
  13 orc priests
  A centaur skeleton (D:4)
  An iron imp (D:10)
  2 bullfrog skeletons
  Crazy Yiuf (D:4)
  Terence (D:2)
  23 orc wizards
  An iguana (D:5)
  3 mummies (Ossuary)
  3 gnolls (D:8)
  3 howler monkey zombies
  7 adders
  3 shadow imps
  2 white imps
  An adder skeleton (D:4)
  2 dart slugs (D:1)
  75 orcs
  5 bats
  8 endoplasms
  3 giant cockroaches (D:2)
  5 goblins
  4 hobgoblins
  6 jackals
  16 kobolds
  6 quokkas
  7 ball pythons
  4 frilled lizards
  A gnoll zombie (Ossuary)
  3 goblin zombies (Ossuary)
  5 hobgoblin zombies (Ossuary)
  A kobold zombie (Ossuary)
  2 rats
390 creatures vanquished.

Vanquished Creatures (others)
  An orc wizard (D:10)
  3 orcs (Orc:2)
  A plant (D:6)
5 creatures vanquished.

Grand Total: 395 creatures vanquished

Notes
Turn   | Place    | Note
-------+----------+-------------------------------------------
     0 | D:1      | crimpus the Gargoyle Fighter began the quest for the Orb.
     0 | D:1      | Reached XP level 1. HP: 14/14 MP: 1/1
   137 | D:1      | Reached XP level 2. HP: 17/19 MP: 2/2
   693 | D:1      | Reached skill level 1 in Stealth
   878 | D:1      | Reached XP level 3. HP: 23/23 MP: 3/3
  1419 | D:2      | Found a faded altar of an unknown god.
  1471 | D:2      | Noticed Terence
  1510 | D:2      | Killed Terence
  1511 | D:2      | Reached XP level 4. HP: 16/29 MP: 2/4
  2584 | D:3      | Found a shimmering blue altar of Sif Muna.
  2589 | D:3      | Found an ancient bone altar of Kikubaaqudgha.
  3310 | D:4      | Found a snail-covered altar of Cheibriados.
  3440 | D:4      | Reached XP level 5. HP: 33/33 MP: 5/5
  3655 | D:4      | Reached XP level 6. HP: 30/38 MP: 3/6
  3745 | D:4      | Found a runed translucent door.
  3746 | D:4      | Noticed Crazy Yiuf
  4007 | D:4      | Killed Crazy Yiuf
  4266 | D:5      | Entered Level 5 of the Dungeon
  4639 | D:5      | Reached XP level 7. HP: 25/43 MP: 4/7
  4774 | D:5      | Noticed Blork the orc
  4775 | D:5      | Found a staircase to the Ecumenical Temple.
  4787 | D:5      | Killed Blork the orc
  4788 | D:5      | Reached skill level 5 in Maces & Flails
  4802 | D:5      | Reached skill level 5 in Shields
  4807 | Temple   | Entered the Ecumenical Temple
  5143 | Temple   | Became a worshipper of Warmaster Okawaru
  5329 | D:5      | Noticed Duvessa
  5904 | D:5      | Reached skill level 5 in Armour
  6188 | D:5      | Found a transporter.
  6257 | D:5      | Killed Duvessa
  6257 | D:5      | Reached * piety under Okawaru
  6258 | D:5      | Reached XP level 8. HP: 48/48 MP: 4/8
  6267 | D:5      | Noticed Dowan
  6285 | D:5      | Killed Dowan
  6389 | D:5      | Found a transporter.
  6413 | D:5      | Identified the +4 flail of the Goat {speed, +Blink Str+8
                  | Int-2}
  6415 | D:5      | Noticed Modestlyawesome's ghost (novice MiMo)
  6700 | D:6      | Found a runed translucent gate.
  6700 | D:6      | Noticed mortz's ghost (novice DrAE)
  6701 | D:6      | Found a runed translucent gate.
  6702 | D:6      | Found a runed translucent gate.
  6791 | D:6      | Reached ** piety under Okawaru
  6792 | D:6      | Reached skill level 5 in Fighting
  6809 | D:6      | Noticed Maggie
  7047 | D:6      | Killed Maggie
  7048 | D:6      | Reached skill level 1 in Dodging
  7260 | D:6      | Reached XP level 9. HP: 54/54 MP: 9/9
  8501 | D:8      | Reached *** piety under Okawaru
  8562 | D:8      | Found a sand-covered staircase.
  8574 | Ossuary  | Entered an ossuary
  8997 | D:8      | Received a gift from Okawaru
  9019 | D:8      | Reached XP level 10. HP: 37/60 MP: 7/10
  9111 | D:8      | Noticed Erica
  9123 | D:8      | Killed Erica
  9123 | D:8      | Reached **** piety under Okawaru
  9124 | D:8      | Reached skill level 10 in Maces & Flails
  9197 | D:8      | Noticed a two-headed ogre
  9229 | D:8      | Killed a two-headed ogre
  9230 | D:8      | Reached skill level 1 in Invocations
  9733 | D:8      | Noticed Gastronok
  9751 | D:8      | Killed Gastronok
  9751 | D:8      | Reached ***** piety under Okawaru
  9763 | D:8      | Identified a scroll of acquirement
  9763 | D:8      | Acquired a manual of Dodging
 10153 | D:9      | Noticed a tengu warrior
 10174 | D:9      | Killed a tengu warrior
 10193 | D:9      | Reached XP level 11. HP: 46/67 MP: 9/12
 11236 | D:10     | Entered Level 10 of the Dungeon
 11265 | D:10     | Noticed a two-headed ogre
 11273 | D:10     | Killed a two-headed ogre
 11340 | D:10     | Found a flagged portal.
 11511 | D:10     | Received a gift from Okawaru
 11606 | Bailey   | Entered a bailey
 11653 | Bailey   | Reached ****** piety under Okawaru
 12295 | Bailey   | Noticed an orc knight
 12295 | Bailey   | Noticed an orc knight
 12295 | Bailey   | Noticed an orc knight
 12307 | Bailey   | Killed an orc knight
 12315 | Bailey   | Killed an orc knight
 12322 | Bailey   | Killed an orc knight
 12335 | Bailey   | Acquired the amulet of Jisomoxeis {Rampage rPois Regen+
                  | Str+3 Int+2}
 12474 | D:10     | Found a staircase to the Lair.
 12492 | D:10     | Noticed Erolcha
 12500 | D:10     | Killed Erolcha
 12773 | D:10     | Noticed Grum
 12780 | D:10     | Reached XP level 12. HP: 75/75 MP: 15/15
 12784 | D:10     | Killed Grum
 12812 | D:10     | Found a stormy altar of Qazlal.
 12858 | D:10     | Found Hekomeg's Distillery.
 13054 | D:10     | Found the +3 hat of Pondering {ponderous, Will+ MP+10
                  | Int+5}
 13155 | D:11     | Noticed Maurice
 13155 | D:11     | Noticed a two-headed ogre
 13174 | D:10     | Killed Maurice
 13175 | D:10     | Reached skill level 10 in Shields
 13179 | D:10     | Killed a two-headed ogre
 13180 | D:10     | Reached skill level 10 in Armour
 13180 | D:10     | Reached skill level 5 in Dodging
 13203 | D:11     | Noticed Urug
 13219 | D:11     | Killed Urug
 13424 | D:11     | You fall into a shaft and drop 1 floor!
 13644 | D:12     | Noticed Sonja
 13684 | Arena    | Entered the Arena
 13700 | Arena    | Killed Sonja
 13700 | Arena    | Received a gift from Okawaru
 13701 | Arena    | Reached skill level 5 in Invocations
 13794 | D:12     | Found a staircase to the Orcish Mines.
 13900 | D:12     | Found a transporter.
 13913 | D:12     | Noticed an ice dragon
 13925 | D:12     | Noticed a catoblepas
 13932 | D:12     | Noticed Kazon's ghost (journeyman GrBe)
 14091 | D:12     | Noticed a centaur warrior
 14104 | D:12     | Killed a centaur warrior
 14127 | D:12     | Noticed a two-headed ogre
 14135 | D:12     | Killed a two-headed ogre
 14205 | D:12     | Identified the +1 ring mail of Muttered Phrases {rPois
                  | Str-5 Int+7 Stlth+} (Okawaru gifted it to you on level 12
                  | of the Dungeon)
 14205 | D:12     | Received a gift from Okawaru
 14597 | D:12     | Reached XP level 13. HP: 80/80 MP: 17/17
 14600 | D:12     | Found a transporter.
 14851 | Orc:1    | Entered Level 1 of the Orcish Mines
 15133 | Orc:1    | Noticed an orc warlord
 15404 | D:12     | Killed an orc warlord
 15637 | Orc:2    | Entered Level 2 of the Orcish Mines
 15654 | Orc:2    | Found a staircase to the Elven Halls.
 15966 | Orc:2    | Noticed Jorgrun
 16008 | Orc:2    | Killed Jorgrun
 16458 | Orc:2    | Killed from afar by a smoke demon

Illustrated notes

Levels and vault maps discovered:
D:1:      roderic_crop_circles_arrival_small, layout_basic
D:2:      layout_rooms, hellmonk_ecumenical_altar_arch_garden, uniq_terence
D:3:      layout_basic, jmf_multi_god_temple, chequers_serial_rivers_micro_d
D:4:      layout_loops_ring, mainiacjoe_overflow_small_starburst,
          nrook_mini_vaults, uniq_crazy_yiuf_cottage
D:5:      layout_rooms, minmay_temple_entry_wispy, gammafunk_ghost_mausoleum,
          uniq_duvessa, uniq_blork_the_orc
D:6:      layout_gridville, biasface_ghost_orc_armoury,
          chequers_serial_rivers_small_a, supply_closet_lemuel, corexii_shack,
          uniq_maggie
D:7:      layout_basic
D:8:      layout_rooms, nicolae_ossuary_entry_monument, uniq_gastronok,
          uniq_erica
D:9:      layout_basic
D:10:     layout_loops_ring, lemuel_doored_altar, lair_entry_dummy,
          enter_bailey_8, serial_shops, shop, hangedman_minor_magic,
          uniq_erolcha, uniq_grum
D:11:     layout_cave_pools, enter_trove_6, nrook_guardian_serpent_ordinary,
          uniq_maurice, uniq_urug
D:12:     layout_basic, erik_orc_4, gammafunk_ghost_berserking_beasts,
          special_room [special_room_bee], minmay_misc_feat_alley, drop_trap,
          uniq_sonja
Temple:   regret_index_temple_mists
Orc:1:    layout_caves, trog_butcher_becter, uniq_harold
Orc:2:    grunt_orc_tribal_feast, layout_caves, rock_pile, uniq_jorgrun

Skill      XL: |  1  2  3  4  5  6  7  8  9 10 11 12 13 |
---------------+----------------------------------------+-----
Stealth        | 1 2 3 4 |  4.8
Maces & Flails | 3 4 6 7 9 11 12 13 | 13.7
Armour         | 4 5 6 7 8 9 11 | 11.8
Shields        | 4 5 7 9 12 13 | 13.8
Fighting       | 4 5 6 7 8 9 |  9.3
Dodging        | 1 2 4 6 7 |  7.4
Invocations    | 2 4 5 6 |  6.5

Action                   |  1- 3 |  4- 6 |  7- 9 | 10-12 | 13-15 || total
-------------------------+-------+-------+-------+-------+-------++-------
Melee: Flail             |    99 |    99 |   212 |   795 |   334 ||  1539
       Mace              |       |   145 |   125 |       |       ||   270
Invok: Heroism           |       |       |     1 |    11 |     6 ||    18
       Finesse           |       |       |       |     2 |     3 ||     5
       Duel              |       |       |       |     1 |       ||     1
  Use: Potion            |     1 |       |     5 |     7 |       ||    13
       Scroll            |       |     6 |     6 |    12 |     1 ||    25
 Stab: Invisible         |       |       |     2 |     1 |       ||     3
       Distracted        |       |       |       |     1 |       ||     1
Armor: Scale mail        |    62 |    54 |       |       |       ||   116
       Plate armour      |       |   107 |    83 |       |       ||   190
       Skin              |       |       |    16 |       |       ||    16
       Swamp dragon scal |       |       |    50 |   315 |    92 ||   457
Dodge: Dodged            |    53 |    87 |   100 |   299 |   114 ||   653
Block: Buckler           |    23 |    59 |    79 |    51 |       ||   212
       Kite shield       |       |       |       |   320 |   214 ||   534
